 Dungeon Crawl Stone Soup version 0.29-a0-648-g6b26cc9f40 (webtiles) character file.

Game seed: 17699665753506892585

43 meekasboy the Skirmisher (level 3, -4/34 HPs)
             Began as a Minotaur Berserker on June 21, 2022.
             Was a Believer of Trog.
             Slain by an ogre
             ... wielding a +0 giant spiked club
              (8 damage)
             ... on level 3 of the Dungeon.
             The game lasted 00:11:51 (1722 turns).

meekasboy the Skirmisher (Minotaur Berserker)       Turns: 1722, Time: 00:11:51

Health: -4/34      AC:  9    Str: 23    XL:     3   Next: 37%
Magic:  2/2        EV:  8    Int:  4    God:    Trog [**....]
Gold:   130        SH:  0    Dex:  9    Spells: 2/2 levels left

rFire   . . .      SeeInvis .   a - +0 hand axe
rCold   . . .      Faith    +   (no shield)
rNeg    . . .      Spirit   .   r - +0 chain mail
rPois   .          Reflect  .   (helmet restricted)
rElec   .          Harm     .   (no cloak)
rCorr   .          Rampage  .   (no gloves)
Will    ++...                   (no boots)
Stlth   ..........              c - amulet of faith
HPRegen 1.11/turn               (no ring)
MPRegen 0.08/turn               (no ring)

@: strong-willed, regenerating
A: horns 2, retaliatory headbutt
a: Renounce Religion, Berserk, Trog's Hand


You were on level 3 of the Dungeon.
You worshipped Trog.
Trog was pleased with you.
You visited 1 branch of the dungeon, and saw 3 of its levels.

You collected 130 gold pieces.

Inventory:

Hand Weapons
 a - a +0 hand axe (weapon)
 i - the +11 spear "Voopaugi" {freeze, Str+2, amogus}
   (You found it on level 2 of the Dungeon)

   It freezes those it strikes, dealing additional cold damage.
   It can also slow down cold-blooded creatures.
   Str:       It affects your strength (+2).
Missiles
 e - 3 poisoned darts (quivered)
 n - 2 javelins
 o - 4 stones
Armour
 b - a +0 animal skin
 f - a +0 ring mail
 g - a +0 helmet
 r - a +0 chain mail (worn)
Jewellery
 c - an amulet of faith (around neck)
 m - an amulet of reflection
Scrolls
 h - 3 scrolls of teleportation
 k - 2 scrolls of identify {unknown}
 l - a scroll of fear {unknown}
 q - a scroll of magic mapping {unknown}
Potions
 d - a potion of lignification {unknown}
 j - 2 potions of cancellation {unknown}
 p - a potion of resistance {unknown}


   Skills:
 + Level 4.5 Fighting
 + Level 4.2 Axes
 + Level 2.8 Armour
 + Level 2.4 Dodging


You had 2 spell levels left.
You didn't know any spells.
Your spell library contained the following spells:

 Spells                   Type           Power      Damage    Failure   Level
 Summon Small Mammal      Summ           0%         N/A       99%         1
 Call Canine Familiar     Summ           0%         N/A       100%        3
 Summon Guardian Golem    Hex/Summ       0%         N/A       100%        3


Dungeon Overview and Level Annotations

Branches:
Dungeon (3/15)

Altars:

Annotations:
D:3 1 transporter, miscthings's ghost, amateur MeWn


Innate Abilities, Weirdness & Mutations

You have a pair of horns on your head.
You reflexively headbutt those who attack you in melee.


Message History

You see here a +0 chain mail.
r - a +0 chain mail
Okay, then.
You start removing your armour.
You continue taking off your +0 ring mail.
The ogre shouts!
You continue taking off your +0 ring mail. x3
You finish taking off your +0 ring mail.
You start putting on your armour.
You continue putting on your +0 chain mail. x4
You finish putting on your +0 chain mail.
There is a transporter landing site here.
Miscthings's ghost glances around for something to throw.
There is a transporter landing site here.
There is a transporter landing site here.
Found 5 poisoned darts.
Found a transporter.
There is a transporter here.
You enter the transporter and appear at another place.
You hit the ogre. You headbutt the ogre.
The ogre is moderately wounded.
The ogre hits you with a +4 giant club!
Ouch! That really hurt!
You hit the ogre but do no damage.
The ogre is moderately wounded.
You hit miscthings's ghost. Miscthings's ghost hits you.
The ogre hits you but does no damage.
You hit the ogre.
The ogre is moderately wounded.
You hit the ogre. You hit miscthings's ghost.
Miscthings's ghost barely misses you. You furiously retaliate!
You headbutt miscthings's ghost!
The ogre hits you with a +0 giant spiked club.
* * * LOW HITPOINT WARNING * * *
The ogre hits you but does no damage. Miscthings's ghost hits you.
* * * LOW HITPOINT WARNING * * *
x2 You are too injured to fight recklessly!
Your skin crawls.
You feel strong-willed.
The ogre hits you with a +0 giant spiked club!
You die...

......
####......
########........
#©.....#........
#.#..#.#........
#..##..#........
#..##..#........
###.#O.#$#©..#
#.#©@OO.[#...#
#.#.#W.#.#©.##
#.#.(##..#..#
#.#..##..#..#
#.#.#..#.#..#
#.#......#..##
#.########...#
#.##.........+
#.##.........#


You could see 3 ogres and miscthings's ghost.

Vanquished Creatures
  2 worms (D:2)
  A dart slug (D:2)
  3 bats (D:2)
  5 endoplasms
  6 goblins
  4 hobgoblins
  3 kobolds
  3 ball pythons
  3 frilled lizards (D:2)
  4 rats
34 creatures vanquished.

Notes
Turn   | Place    | Note
-------+----------+-------------------------------------------
     0 | D:1      | meekasboy the Minotaur Berserker began the quest for the
                  | Orb.
     0 | D:1      | Reached XP level 1. HP: 19/19 MP: 0/0
   297 | D:1      | Reached XP level 2. HP: 9/27 MP: 1/1
   925 | D:2      | Found a faded altar of an unknown god.
  1010 | D:2      | Reached ** piety under Trog
  1015 | D:2      | Reached XP level 3. HP: 33/34 MP: 2/2
  1092 | D:2      | Identified the +11 spear "Voopaugi" {freeze, Str+2}
  1644 | D:3      | Noticed an ogre
  1688 | D:3      | Found a transporter.
  1692 | D:3      | Noticed an ogre
  1695 | D:3      | Noticed miscthings's ghost (amateur MeWn)
  1696 | D:3      | Noticed an ogre
  1716 | D:3      | Found a transporter.
  1722 | D:3      | Slain by an ogre

Illustrated notes

Levels and vault maps discovered:
D:1:      dpeg_arrival_long_road, layout_basic
D:2:      layout_rooms, basic_ecumenical_altar, hangedman_glass_teeth,
          minmay_misc_feat_roman, st_stairs_9
D:3:      layout_basic, gammafunk_ghost_smash, nrook_mini_vaults,
          saegor_snake_ambush

Skill      XL: |  1 |
---------------+----+-----
Fighting       | 4 |  4.5
Axes           | 4 |  4.2
Armour         | |  2.8
Dodging        | |  2.4

Action                   || total
-------------------------++-------
Melee: Hand axe          ||    52
       Headbutt          ||     8
       Spear             ||     1
       Punch             ||     1
Invok: Trog's Hand       ||     1
  Use: Scroll            ||     3
Armor: Animal skin       ||     1
       Ring mail         ||    11
       Chain mail        ||     2
Dodge: Dodged            ||    27

Table legend: (Time is in decaauts)
 A = Elapsed time spent in this place.
 B = Non-inter-level travel time spent in this place.
 C = Inter-level travel time spent in this place.
 D = Time resting spent in this place.
 E = Time spent auto-exploring this place.
 F = Levels seen in this place.
 G = Mean time per level.
                   A        B        C        D        E       F      G
               +--------+--------+--------+--------+--------+-----+--------+
         Total |   1725 |    371 |   1354 |    100 |      0 |   3 |  575.0 |
       Dungeon |   1725 |    371 |   1354 |    100 |      0 |   3 |  575.0 |
               +--------+--------+--------+--------+--------+-----+--------+

Top non-repeatable levels by time:
     D:1: 735 daAuts
     D:2: 671 daAuts
     D:3: 318 daAuts
